 Dungeon Crawl Stone Soup version 0.31-a0-4-gefa6de2278 (webtiles) character file.

Game seed: 11995963770266339654

1647 retardedninja the Magician (level 9, -1/65 HPs)
             Began as a Gnoll Fire Elementalist on May 3, 2023.
             Slain by a troll (16 damage)
             ... on level 5 of the Dungeon.
             The game lasted 00:14:38 (8632 turns).

retardedninja the Magician (GnFE)                   Turns: 8632, Time: 00:14:39

Health: -1/65      AC:  6    Str:  7    XL:     9   Next: 0%
Magic:  10/18      EV: 14    Int: 19    God:
Gold:   302        SH:  5    Dex: 13    Spells: 17/20 levels left

rFire   + . .        d - +2 trident (venom)
rCold   . . .        (no shield)
rNeg    . . .        a - +0 robe
rPois   .            s - +0 helmet
rElec   .            f - +2 cloak
rCorr   .            (no gloves)
SInv    .            (no boots)
Will    .....        i - amulet of reflection
Stlth   +++          m - ring of protection from fire
HPRegen 0.30/turn    (no ring)
MPRegen 0.16/turn

%: reflection
@: no status effects
A: fangs 1, strong nose, distributed training
a: no special abilities


You were on level 5 of the Dungeon.
You visited 2 branches of the dungeon, and saw 7 of its levels.

You collected 302 gold pieces.

Inventory:

Hand Weapons
 d - a +2 trident of venom (weapon)
Missiles
 j - 2 datura-tipped darts (quivered)
Armour
 a - a +0 robe (worn)
 f - a +2 cloak (worn)
 s - a +0 helmet (worn)
Jewellery
 i - an amulet of reflection (around neck)
 m - a ring of protection from fire (left hand)
Wands
 n - a wand of charming (11)
Scrolls
 c - 2 scrolls of vulnerability
 e - 3 scrolls of teleportation
 k - 2 scrolls of blinking {unknown}
 l - a scroll of magic mapping {unknown}
 p - 3 scrolls of amnesia
 u - a scroll of enchant armour {unknown}
 v - a scroll of fear {unknown}
 w - a scroll of poison {unknown}
 x - a scroll of acquirement {unknown}
Potions
 b - 2 potions of magic
 g - a potion of brilliance
 h - a potion of cancellation
 o - a potion of mutation


   Skills:
 + Level 3.9 Fighting
 + Level 3.9 Short Blades
 + Level 3.9 Long Blades
 + Level 3.9 Axes
 + Level 3.9 Maces & Flails
 + Level 3.9 Polearms
 + Level 3.9 Staves
 + Level 3.9 Ranged Weapons
 + Level 3.9 Throwing
 + Level 3.9 Armour
 + Level 6.1 Dodging
 + Level 5.8 Stealth
 + Level 3.9 Shields
 + Level 3.9 Unarmed Combat
 + Level 6.4 Spellcasting
 + Level 3.9 Conjurations
 + Level 3.2 Hexes
 + Level 3.2 Summonings
 + Level 3.2 Necromancy
 + Level 3.2 Translocations
 + Level 3.2 Transmutations
 + Level 6.4 Fire Magic
 + Level 3.2 Ice Magic
 + Level 3.2 Air Magic
 + Level 3.2 Earth Magic
 + Level 3.2 Poison Magic
 + Level 4.3 Invocations
 + Level 3.9 Evocations


You had 17 spell levels left.
You knew the following spells:

 Your Spells              Type           Power      Damage    Failure   Level
a - Foxfire               Conj/Fire      100%       2x1d9     1%          1
b - Scorch                Fire           60%        2d8       1%          2

Your spell library contained the following spells:

 Spells                   Type           Power      Damage    Failure   Level
 Sublimation of Blood     Necr           18%        N/A       4%          2
 Inner Flame              Hex/Fire       24%        N/A       4%          3
 Volatile Blastmotes      Fire/Tloc      48%        2d14      4%          3
 Flame Wave               Conj/Fire      25%        2d8       13%         4
 Petrify                  Tmut/Erth      18%        N/A       28%         4
 Irradiate                Conj/Tmut      9%         3d14      56%         5


Dungeon Overview and Level Annotations

Branches:
Dungeon (6/15)             Temple (1/1) D:4

Altars:
Dithmenos
Elyvilon
Fedhas
Gozag
Hepliaklqana
Kikubaaqudgha
Makhleb
Nemelex Xobeh
Okawaru
Ru
Sif Muna
Trog
Uskayaw
Vehumet
Wu Jian
Yredelemnul
The Shining One

Annotations:
D:3 1 runed translucent door, Crazy Yiuf


Innate Abilities, Weirdness & Mutations

You have very sharp teeth.
Your uncanny sense of smell can sniff out nearby items.
Your experience applies equally to all skills.


Message History

You start waiting.
Done waiting.
You start waiting.
Done waiting.
You climb downwards.
The ogre shouts!
The troll completely misses you. You block the troll's attack.
The troll claws you. The troll bites you! The troll claws you! x2
There is a stone staircase leading up here.
The troll bites you but does no damage. The troll claws you.
The troll barely misses you.
You climb upwards.
There is a stone staircase leading down here.
Casting: Scorch (safe; 1% risk of failure)
Confirm with . or Enter, or press ? or * to list all spells.
Flames lash the troll.
The troll is moderately wounded.
The troll's fire resistance burns away.
The troll bites you!
* * * LOW HITPOINT WARNING * * *
The troll completely misses you. x2
Casting: Scorch (safe; 1% risk of failure)
Confirm with . or Enter, or press ? or * to list all spells.
Flames lash the troll.
The troll is burned terribly!
The troll is heavily wounded.
You block the troll's attack. The troll closely misses you.
The troll claws you.
* * * LOW HITPOINT WARNING * * *
Casting: Scorch (safe; 1% risk of failure)
Confirm with . or Enter, or press ? or * to list all spells.
Flames lash the troll.
The troll is burned terribly!
The troll is severely wounded.
You block the troll's attack. The troll claws you but does no damage.
The troll claws you.
* * * LOW HITPOINT WARNING * * *
Casting: Scorch (safe; 1% risk of failure)
Confirm with . or Enter, or press ? or * to list all spells.
Flames lash the troll.
The troll is burned terribly!
The troll is severely wounded.
The troll bites you!
You die...

####### ####### #.....#
#.....# #.....#
#####.....# ### #.....#
#.........# #.# #.....#
#.....##### ##.# #.....#
#.....# # ####..#######'##
###.....##### #.......###
#.####.'.....'))..
#.........#
#@.....#.....###.#
#.##..#.###
#.T.############.#
#.......#####...####
#.....
#....).###.......(.#
###### ####......#
#.##...##.# ..........#
#.##......####
.########.###.#####......#
.# #.....#.........## .#
#######..........#


You could see a troll (combustible).

Vanquished Creatures
  Sigmund (D:3)
  A human (D:6)
  2 water moccasins
  A black bear (D:5)
  An ice beast (D:5)
  An ogre (D:6)
  A kobold brigand (D:3)
  A bullfrog (D:6)
  2 scorpions
  A howler monkey (D:5)
  A jelly (D:5)
  2 orc priests (D:3)
  A hound (D:5)
  Terence (D:2)
  Jessica (D:2)
  2 sleepcaps
  Ijyb (D:3)
  3 iguanas
  3 orc wizards
  6 adders
  A shadow imp (D:5)
  An ufetubus (D:5)
  3 dart slugs
  4 worms
  16 orcs
  5 ball pythons
  8 endoplasms
  A giant cockroach (D:2)
  7 goblins
  4 hobgoblins
  11 kobolds
  A quokka (D:3)
  4 bats
  3 frilled lizards
  3 rats
  A butterfly (D:2)
106 creatures vanquished.

Vanquished Creatures (collateral kills)
  An orc (D:4)
  A frilled lizard (D:2)
  A rat (D:3)
3 creatures vanquished.

Vanquished Creatures (others)
  An adder (D:6)
  A bat (D:2)
  216 foxfires
  6 fungi (D:6)
  2 plants (D:6)
226 creatures vanquished.

Grand Total: 335 creatures vanquished

Notes
Turn   | Place    | Note
-------+----------+-------------------------------------------
     0 | D:1      | retardedninja the Gnoll Fire Elementalist began the quest
                  | for the Orb.
     0 | D:1      | Reached XP level 1. HP: 13/13 MP: 6/6
   559 | D:1      | Reached XP level 2. HP: 18/19 MP: 4/7
  1172 | D:2      | Noticed Jessica
  1177 | D:2      | Learned a level 2 spell: Scorch
  1178 | D:2      | Killed Jessica
  1179 | D:2      | Reached skill level 5 in Spellcasting
  1179 | D:2      | Reached skill level 1 in Invocations
  1179 | D:2      | Reached XP level 3. HP: 25/25 MP: 2/9
  1661 | D:2      | Reached skill level 1 in Fighting
  1661 | D:2      | Reached skill level 1 in Short Blades
  1661 | D:2      | Reached skill level 1 in Long Blades
  1661 | D:2      | Reached skill level 1 in Axes
  1661 | D:2      | Reached skill level 1 in Maces & Flails
  1661 | D:2      | Reached skill level 1 in Polearms
  1661 | D:2      | Reached skill level 1 in Staves
  1661 | D:2      | Reached skill level 1 in Ranged Weapons
  1661 | D:2      | Reached skill level 1 in Throwing
  1661 | D:2      | Reached skill level 1 in Armour
  1661 | D:2      | Reached skill level 1 in Shields
  1661 | D:2      | Reached skill level 1 in Unarmed Combat
  1661 | D:2      | Reached skill level 1 in Evocations
  2042 | D:2      | Reached XP level 4. HP: 32/32 MP: 11/11
  2377 | D:2      | Noticed Terence
  2383 | D:2      | Killed Terence
  2384 | D:2      | Reached skill level 1 in Hexes
  2384 | D:2      | Reached skill level 1 in Summonings
  2384 | D:2      | Reached skill level 1 in Necromancy
  2384 | D:2      | Reached skill level 1 in Translocations
  2384 | D:2      | Reached skill level 1 in Transmutations
  2384 | D:2      | Reached skill level 1 in Ice Magic
  2384 | D:2      | Reached skill level 1 in Air Magic
  2384 | D:2      | Reached skill level 1 in Earth Magic
  2384 | D:2      | Reached skill level 1 in Poison Magic
  2653 | D:3      | Noticed Sigmund
  3144 | D:3      | Killed Sigmund
  3145 | D:3      | Reached skill level 5 in Dodging
  3145 | D:3      | Reached XP level 5. HP: 22/38 MP: 0/12
  3145 | D:3      | Reached XP level 6. HP: 25/44 MP: 0/14
  3925 | D:3      | You fall into a shaft and drop 1 floor!
  3957 | D:3      | Found a runed translucent door.
  3958 | D:3      | Noticed Crazy Yiuf
  4045 | D:3      | Noticed Ijyb
  4055 | D:3      | Killed Ijyb
  4557 | D:3      | Found a faded altar of an unknown god.
  4564 | D:3      | Reached XP level 7. HP: 51/51 MP: 9/15
  4602 | D:3      | Found a hazy altar of Hepliaklqana.
  5017 | D:4      | Found a shadowy altar of Dithmenos.
  5197 | D:4      | Found a staircase to the Ecumenical Temple.
  5206 | Temple   | Entered the Ecumenical Temple
  5710 | D:4      | Found a white marble altar of Elyvilon.
  5982 | D:5      | Entered Level 5 of the Dungeon
  6092 | D:5      | Reached skill level 5 in Stealth
  6635 | D:5      | Reached XP level 8. HP: 53/58 MP: 9/16
  6903 | D:5      | Found a bloodstained altar of Trog.
  7714 | D:6      | Found an ancient bone altar of Kikubaaqudgha.
  7860 | D:6      | Found a sacrificial altar of Ru.
  7865 | D:6      | Found a basalt altar of Yredelemnul.
  7926 | D:6      | Found a blossoming altar of Fedhas.
  7943 | D:6      | Noticed a troll
  8293 | D:6      | Noticed a troll
  8321 | D:5      | Reached XP level 9. HP: 45/65 MP: 1/18
  8632 | D:5      | Slain by a troll

Illustrated notes

Levels and vault maps discovered:
D:1:      sevenhm_arrival_forest_fort_small_5, layout_loops_ring
D:2:      layout_basic, hangedman_glass_garden, uniq_terence, uniq_jessica
D:3:      layout_basic, beargit_hepliaklqana_dungeon_heroes,
          cheibrodos_sewer_entry_bend, fountainhead, kennysheep_pointless_box,
          uniq_crazy_yiuf_cottage, uniq_sigmund, uniq_ijyb
D:4:      layout_cave_pools, mainiacjoe_overflow_paths,
          mainiacjoe_overflow_catwalk, lemuel_temple_firewalk_b
D:5:      layout_basic, trog_hazing_becter
D:6:      cheibrodos_fzero, layout_loops_ring, fedhas_altar_3,
          nicolae_overflow_squiral, mainiacjoe_overflow_six_doors_small,
          serial_co_window_serial, co_window_corner_a, co_window_corner_a,
          co_window_paths_b, co_window_paths_a, co_window_corner_a,
          co_window_cross_4, co_window_broadway_c, co_window_corner_b,
          co_window_corner_b, co_window_corner_ca, glass_columns_b,
          chequers_serial_rivers_micro_c, minmay_misc_feat_rugged,
          serial_park_tiny_1, minmay_ruffians
Temple:   kb_temple_of_zot

Skill      XL: |  1  2  3  4  5  6  7  8 |
---------------+-------------------------+-----
Conjurations   | 2 3 |  3.9
Spellcasting   | 5 6 |  6.4
Invocations    | 1 2 3 4 |  4.3
Fighting       | 1 2 3 |  3.9
Short Blades   | 1 2 3 |  3.9
Long Blades    | 1 2 3 |  3.9
Axes           | 1 2 3 |  3.9
Maces & Flails | 1 2 3 |  3.9
Polearms       | 1 2 3 |  3.9
Staves         | 1 2 3 |  3.9
Ranged Weapons | 1 2 3 |  3.9
Throwing       | 1 2 3 |  3.9
Armour         | 1 2 3 |  3.9
Shields        | 1 2 3 |  3.9
Unarmed Combat | 1 2 3 |  3.9
Evocations     | 1 2 3 |  3.9
Hexes          | 1 2 3 |  3.2
Summonings     | 1 2 3 |  3.2
Necromancy     | 1 2 3 |  3.2
Translocations | 1 2 3 |  3.2
Transmutations | 1 2 3 |  3.2
Ice Magic      | 1 2 3 |  3.2
Air Magic      | 1 2 3 |  3.2
Earth Magic    | 1 2 3 |  3.2
Poison Magic   | 1 2 3 |  3.2
Dodging        | 5 6 |  6.1
Stealth        | 5 |  5.8
Fire Magic     | 6 |  6.4

Action                     |  1- 3 |  4- 6 |  7- 9 || total
---------------------------+-------+-------+-------++-------
  Melee: Trident           |     3 |     9 |    45 ||    57
         Bite              |       |     1 |     9 ||    10
  Throw: Dart              |     3 |     7 |     5 ||    15
   Cast: Foxfire           |    45 |    45 |    50 ||   140
         Scorch            |     4 |    32 |    77 ||   113
  Evoke: Wand              |       |       |     5 ||     5
    Use: Scroll            |       |       |    10 ||    10
         Potion            |       |       |     1 ||     1
 Armour: Robe              |     2 |    15 |    25 ||    42
  Dodge: Dodged            |     6 |    37 |    90 ||   133
  Block: Other             |       |       |     6 ||     6

Table legend: (Time is in decaauts)
 A = Elapsed time spent in this place.
 B = Non-inter-level travel time spent in this place.
 C = Inter-level travel time spent in this place.
 D = Time resting spent in this place.
 E = Time spent auto-exploring this place.
 F = Levels seen in this place.
 G = Mean time per level.
                   A        B        C        D        E       F      G
               +--------+--------+--------+--------+--------+-----+--------+
         Total |   8664 |   8392 |    272 |   2817 |   4457 |   7 | 1237.7 |
       Dungeon |   8558 |   8302 |    256 |   2817 |   4372 |   6 | 1426.3 |
        Temple |    106 |     90 |     16 |      0 |     85 |   1 |  106.0 |
               +--------+--------+--------+--------+--------+-----+--------+

Top non-repeatable levels by time:
     D:2: 2271 daAuts
     D:5: 1920 daAuts
     D:3: 1716 daAuts
     D:1: 992 daAuts
     D:4: 922 daAuts
     D:6: 735 daAuts
  Temple: 106 daAuts
